 Dungeon Sprint DCSS version 0.17-a0-18-gc25b939 (webtiles) character file.

12 BluebellGnoll the Charmwright (level 2, 0/15 HPs)
             Began as a Spriggan Skald on Mar 7, 2015.
             Was a Priest of Makhleb.
             Succumbed to an adder's poison
             ... in the Dungeon (Sprint VI: "Thunderdome").
             The game lasted 00:04:28 (278 turns).

BluebellGnoll the Charmwright (Spriggan Skald)       Turns: 278, Time: 00:04:28

Health: 0/15       AC:  2    Str:  8    XL:     2   Next: 24%
Magic:  3/8        EV: 18    Int: 22    God:    Makhleb [***...]
Gold:   40         SH:  0    Dex: 18    Spells: 3 memorised, 2 levels left

rFire  . . .     SeeInvis +     a - +0 short sword
rCold  + + .     Clarity  .     b - +0 robe
rNeg   . . .     SustAb   .     (shield restricted)
rPois  .         Gourm    .     (helmet restricted)
rElec  .         Spirit   .     (no cloak)
rCorr  .         Warding  .     (gloves unavailable)
rMut   +         NoTele   +     (boots unavailable)
MR     +....                    r - amulet "Cucsimuu" {rMut rC+ Int+4}
Stlth  ++........               p - ring "Phaj" {rC+ Int+5}
                                q - ring "Pridwuampo" {+Fly MR+ Dex+3}

@: lethally poisoned (0 -> -8), infused, very quick, somewhat resistant to
hostile enchantments, unstealthy
A: unfitting armour, see invisible, herbivore 3, speed 3, slow metabolism 2
a: Minor Destruction, Lesser Servant of Makhleb, Renounce Religion, Evoke Flight


You were in the Dungeon.
You worshipped Makhleb.
Makhleb was most pleased with you.
You were not hungry.

You visited 1 branch You collected 220 gold pieces.
You spent 180 gold pieces at shops.

Inventory:

Hand weapons
 a - a +0 short sword (weapon)
Armour
 b - a +0 robe (worn)
Jewellery
 o - the amulet of Khepiasm {Spirit Dex+2}
   (You bought it in a shop in the Dungeon)

   [amulet of guardian spirit]

   It causes incoming damage to be split between your health and magic.
   It affects your dexterity (+2).
 p - the ring "Phaj" (right hand) {rC+ Int+5}
   (You bought it in a shop in the Dungeon)

   [ring of protection from cold]

   It affects your intelligence (+5).
   It protects you from cold.
 q - the ring "Pridwuampo" (left hand) {+Fly MR+ Dex+3}
   (You bought it in a shop in the Dungeon)

   [ring of flight]

   It affects your dexterity (+3).
   It affects your resistance to hostile enchantments.
   It lets you fly.
 r - the amulet "Cucsimuu" (around neck) {rMut rC+ Int+4}
   (You bought it in a shop in the Dungeon)

   [amulet of resist mutation]

   It protects you from mutation.
   It affects your intelligence (+4).
   It protects you from cold.
Magical devices
 k - a wand of cold (3)
 l - a wand of fire (4)
Scrolls
 j - 4 scrolls of blinking
 m - 3 scrolls of fog
Potions
 f - 4 potions of heal wounds
 g - 4 potions of haste
 h - 2 potions of magic
 i - a potion of berserk rage
 n - a potion of resistance
Books
 c - a book of Battle

   Spells                             Type                      Level
   a - Infusion                       Charms                       1
   b - Shroud of Golubria             Charms/Translocation         2
   c - Song of Slaying                Charms                       2
   d - Spectral Weapon                Hexes/Charms                 3
   e - Regeneration                   Charms/Necromancy            3
Comestibles
 d - a bread ration


   Skills:
 - Level 1.9 Fighting
 + Level 3.0 Short Blades
 - Level 0.6 Armour
 * Level 2.7 Dodging
 - Level 3.4 Spellcasting
 - Level 6.3 Charms


You had 2 spell levels left.
You knew the following spells:

 Your Spells              Type           Power        Failure   Level  Hunger
a - Infusion              Chrm           ####..       1%          1    None
b - Shroud of Golubria    Chrm/Tloc      ###.......   6%          2    ##.....
c - Song of Slaying       Chrm           ####....     1%          2    ##.....


Dungeon Overview and Level Annotations

Branches:
Dungeon (1/1)

Altars:
Cheibriados
Dithmenos
Fedhas
Gozag
Kikubaaqudgha
Makhleb
Okawaru
Qazlal
Ru
Sif Muna
Trog
Vehumet
Xom
Yredelemnul
Zin
The Shining One
Jiyva
Lugonu

Shops:
D *[%??*?*:[((!!!!


Innate Abilities, Weirdness & Mutations

You are tiny and cannot use many weapons and most armour.
You have supernaturally acute eyesight.
You are a herbivore.
You cover ground extremely quickly.
You need consume almost no food.


Message History

* * * LOW HITPOINT WARNING * * *
The ball python constricts you. The adder barely misses you.
You hit the ball python.
You kill the ball python!
Makhleb accepts your kill.
You can now summon a lesser servant of Makhleb.
Your Short Blades skill increases to level 3!
The adder barely misses you.
You hit the adder.
The adder is almost dead.
The adder barely misses you.
You miss the adder.
The adder is almost dead.
The adder bites you.
* * * LOW HITPOINT WARNING * * *
You are lethally poisoned!
The adder poisons you!
You barely miss the adder.
The adder is almost dead.
You die...

##### ##⌠⌠⌠## #.....#
##.....## ##∩.)...∩##
#∩.......∩# #_S......_#
#.@†....._# #_......._#
###.........###
#⌠.†.........⌠#
######.8.........8.######
##∩._.......###.......__∩##
###∩........8.# #.8........∩#
##.............###............
#⌠.........)###...###.........


You could see an adder.

Vanquished Creatures
  5 orcs (D)
  3 ball pythons (D)
8 creatures vanquished.

Notes
Turn   | Place    | Note
--------------------------------------------------------------
     0 | D        | BluebellGnoll, the Spriggan Skald, began the quest for the Orb.
     0 | D        | Reached XP level 1. HP: 10/10 MP: 4/4
     1 | D        | Found a deep blue altar of Sif Muna.
     1 | D        | Found a shimmering altar of Xom.
     2 | D        | Found a radiant altar of Vehumet.
     2 | D        | Found a viscous altar of Jiyva.
     3 | D        | Found a bloodstained altar of Trog.
     7 | D        | Found a blossoming altar of Fedhas.
     7 | D        | Found an opulent altar of Gozag.
     8 | D        | Found a burning altar of Makhleb.
     8 | D        | Found an iron altar of Okawaru.
     9 | D        | Found an ancient bone altar of Kikubaaqudgha.
     9 | D        | Round 1.
    10 | D        | Found Hulare's Advanced Armour.
    10 | D        | Found Kletumoc's Identification Station.
    10 | D        | Found Skumn's Premium Goods.
    11 | D        | Found a sacrificial altar of Ru.
    14 | D        | Found Streegall's Jewellery.
    16 | D        | Became a worshipper of Makhleb the Destroyer
    17 | D        | Found Ruetz's Bee Food.
    24 | D        | Bought a transparent lead amulet for 45 gold pieces
    24 | D        | Bought a smoking platinum ring for 45 gold pieces
    24 | D        | Bought a brightly glowing wooden ring for 45 gold pieces
    24 | D        | Identified the ring "Pridwuampo" {+Fly MR+ Dex+3} (You bought it in a shop in the Dungeon)
    25 | D        | Identified the amulet of Khepiasm {Spirit Dex+2} (You bought it in a shop in the Dungeon)
    26 | D        | Identified the ring "Phaj" {rC+ Int+5} (You bought it in a shop in the Dungeon)
    30 | D        | Found a glowing golden altar of the Shining One.
    32 | D        | Found a shadowy altar of Dithmenos.
    33 | D        | Found Enuihap's Magic Scroll Shop.
    34 | D        | Found Wucik's Magic Scroll Shop.
    35 | D        | Found a glowing silver altar of Zin.
    35 | D        | Found a corrupted altar of Lugonu.
    35 | D        | Found a stormy altar of Qazlal.
    36 | D        | Found Wino's Staff Store.
    36 | D        | Found Abanaarr's Must-Have Magic.
    40 | D        | Found a snail-covered altar of Cheibriados.
    41 | D        | Found a basalt altar of Yredelemnul.
    42 | D        | Found Meptuch's Distillery.
    43 | D        | Found Cryown's Distillery.
    45 | D        | Found Plog's Bottled Wisdom.
    45 | D        | Found Unlirr's Do-It-Yourself Clinic.
    50 | D        | Found Cheqy's Weapon Rack.
    51 | D        | Found Caime's Basic Armour.
    53 | D        | Found Waog's Miscellaneous Merchandise.
    65 | D        | Reached skill level 5 in Charms
    74 | D        | Acquired Makhleb's first power
   152 | D        | Reached skill level 6 in Charms
   152 | D        | Reached XP level 2. HP: 4/15 MP: 8/8
   161 | D        | Acquired Makhleb's second power
   161 | D        | Arena points: 12 (+12) [x2]
   166 | D        | Learned a level 2 spell: Shroud of Golubria
   169 | D        | Learned a level 2 spell: Song of Slaying
   224 | D        | Bought a pitted garnet amulet for 45 gold pieces
   224 | D        | Identified the amulet "Cucsimuu" {rMut rC+ Int+4} (You bought it in a shop in the Dungeon)
   239 | D        | Round 2.
   275 | D        | Acquired Makhleb's third power
   278 | D        | Succumbed to an adder's poison

Action                   || total
-------------------------++-------
Melee: Short sword       ||    26
 Cast: Infusion          ||     3
Evoke: Wand              ||     3
  Use: Potion            ||     1
